 Dungeon Crawl Stone Soup version 0.27.1-33-g824d729ab1 (webtiles) character file.

Game seed: 16490211715226964109

2482 walnutcon the Martial Artist (level 9, -3/59 HPs)
             Began as a Merfolk Transmuter on Dec 21, 2021.
             Was a Follower of Dithmenos.
             Shot with a sling bullet by Joseph (18 damage)
             ... on level 8 of the Dungeon.
             The game lasted 00:30:05 (10288 turns).

walnutcon the Martial Artist (Merfolk Transmuter)  Turns: 10288, Time: 00:30:06

Health: -3/59      AC:  2    Str: 11    XL:     9   Next: 51%
Magic:  17/21      EV: 21    Int: 13    God:    Dithmenos [*.....]
Gold:   302        SH:  0    Dex: 21    Spells: 2/12 levels left

rFire    . . .     SeeInvis .     - Unarmed
rCold    . . .     Faith    .   (shield currently unavailable)
rNeg     . . .     Spirit   .   (armour currently unavailable)
rPois    x         Reflect  .   (helmet currently unavailable)
rElec    .         Harm     .   (cloak currently unavailable)
rCorr    .         Rampage  .   (gloves currently unavailable)
Will     .....                  (boots currently unavailable)
Stlth    ++........             (no amulet)
HPRegen  0.19/turn              s - ring of magical power
MPRegen  0.17/turn              (no ring)

@: spider-form (expiring), wreathed by umbra, studying Armour
A: venomous fangs, tiny, (nimble swimmer 2), (mertail)
a: End Transformation, Renounce Religion


You were on level 8 of the Dungeon.
You worshipped Dithmenos.
Dithmenos was aware of your devotion.
You were a venomous arachnid creature.
You visited 1 branch of the dungeon, and saw 8 of its levels.
You also visited: Sewer.

You collected 302 gold pieces.

Inventory:

Hand Weapons
 x - a +0 shortbow
Missiles
 b - 6 curare-tipped darts
 p - 27 poisoned darts
 v - 3 atropa-tipped darts (quivered)
 y - 36 arrows
Armour
 a - a +1 robe (melded)
Jewellery
 s - a ring of magical power (left front leg)
 t - a ring of fire
Wands
 r - a wand of iceblast (16)
Scrolls
 d - 3 scrolls of fog
 e - 3 scrolls of amnesia
 f - 2 scrolls of blinking {unknown}
 i - a scroll of enchant weapon {unknown}
 j - 4 scrolls of teleportation
 o - a scroll of noise
 z - a scroll of enchant armour
Potions
 c - 2 potions of curing {unknown}
 g - a potion of flight {unknown}
 h - 3 potions of heal wounds {unknown}
 k - a potion of brilliance {unknown}
 l - 5 potions of cancellation
 m - 2 potions of magic {unknown}
 n - a potion of invisibility {unknown}
 q - 3 potions of mutation {unknown}
 u - a potion of ambrosia {unknown}
 w - a potion of degeneration {unknown}


   Skills:
 - Level 1.1 Fighting
 - Level 3.0 Dodging
 * Level 12.1 Unarmed Combat
 - Level 2.2 Spellcasting
 - Level 8.2 Transmutations


You had 2 spell levels left.
You knew the following spells:

 Your Spells              Type           Power      Damage    Failure   Level
a - Beastly Appendage     Tmut           44%        N/A       4%          1
b - Wereblood             Tmut           22%        N/A       6%          2
c - Spider Form           Tmut/Pois      6%         N/A       32%         3
d - Ice Form              Ice/Tmut       12%        N/A       65%         4

Your spell library contained the following spells:

 Spells                   Type           Power      Damage    Failure   Level
 Foxfire                  Conj/Fire      4%         2x1d4     47%         1
 Magic Dart               Conj           4%         1d3       47%         1
 Call Imp                 Summ           1%         N/A       58%         2
 Conjure Flame            Conj/Fire      1%         6-21      78%         3
 Inner Flame              Hex/Fire       1%         N/A       78%         3
 Mephitic Cloud           Conj/Pois/Air  1%         N/A       78%         3
 Stone Arrow              Conj/Erth      2%         3d7       78%         3
 Animate Armour           Summ/Erth      2%         N/A       98%         4
 Lehudib's Crystal Spear  Conj/Erth      0%         10d2      100%        8


Dungeon Overview and Level Annotations

Branches:
Dungeon (8/15)             Temple (0/1) D:6           Sewer (visited)
   Lair: D:8-11

Altars:
Ashenzari
Cheibriados
Dithmenos
Hepliaklqana
Ru

Shops:
D:1 *   D:2 (   D:4 =

Annotations:
D:6 1 runed translucent door, Violens's ghost, novice MiFi
D:8 Joseph


Innate Abilities, Weirdness & Mutations

You are a venomous arachnid creature.
You have poisonous fangs.
You are tiny and dextrous.
Your spellcasting is less reliable in this form.
Your armour is entirely melded.
You are incapable of wielding weapons or throwing items.
((You are quick and stealthy near water. (Stealth+, EV+, Speed+++)))
((Your lower body shifts to a powerful aquatic tail in water.))


Message History

Nothing appears to happen.
Joseph shoots a sling bullet.
The sling bullet hits you!
Casting: Spider Form (dangerous; 14% risk of failure)
Confirm with . or Enter, or press ? or * to list all spells.
You turn into a venomous arachnid creature.
Your +1 robe melds into your body.
Joseph shoots a sling bullet.
The sling bullet barely misses you.
You bite the bullfrog!
The bullfrog is poisoned.
The bullfrog is almost dead.
The bullfrog closely misses you. The bullfrog barely misses you.
Joseph shoots a sling bullet.
The sling bullet closely misses you. The bullfrog completely misses you.
Joseph unwields a +0 hunting sling.
Joseph wields a +0 spectral quarterstaff.
Joseph completely misses you. The bullfrog closely misses you.
You hit Joseph but do no damage.
Joseph is poisoned.
Joseph is lightly wounded.
The bullfrog completely misses you.
Joseph hits you with a +0 spectral quarterstaff!
You bite Joseph!
Joseph looks as sick as possible!
Joseph is moderately wounded.
The bullfrog misses you. Joseph completely misses you.
You barely miss Joseph.
Joseph is moderately wounded.
Your transformation is almost over.
You kill the bullfrog!
Dithmenos accepts your kill.
Your magical contamination has completely faded away.
You bite Joseph!
Joseph looks as sick as possible!
Joseph is heavily wounded.
Joseph misses you.
You bite Joseph!
Joseph is severely wounded.
Joseph hits you with a +0 spectral quarterstaff!!
* * * LOW HITPOINT WARNING * * *
Joseph unwields a +0 spectral quarterstaff.
Joseph wields a +0 hunting sling.
Joseph shoots a sling bullet.
The sling bullet completely misses you.
Joseph shoots a sling bullet.
The sling bullet hits you!!
You die...

#.# #.# ##### #
######.###...######.#
#...................#
#.♣♣♣._.♣♣♣.........#
♣...♣.....†@..:.#
♣♣)♣♣.♣.#.......#
.....♣.#.......#
♣♣.♣♣ ♣.s.......#
........#.......#
♣♣.♣♣♣♣.#.#######
♣.#.# ♣.... ..### ♣.
..


You could see Joseph (extremely poisoned).

Vanquished Creatures
  Grinder (D:6)
  Edmund (D:5)
  2 water moccasins
  2 black bears (D:4)
  An ogre (D:6)
  A centaur (D:7)
  A phantom (D:6)
  2 bullfrogs
  3 kobold brigands (Sewer)
  A water moccasin skeleton (D:4)
  3 howler monkeys
  A centaur zombie (D:8)
  6 orc priests
  A bullfrog skeleton (D:5)
  5 hounds
  A jelly (D:4)
  A centaur skeleton (D:7)
  3 iguanas
  5 orc wizards
  2 hound skeletons (D:4)
  3 gnolls (D:6)
  8 adders
  7 river rats (Sewer)
  A shadow imp (D:6)
  A white imp (D:6)
  An adder skeleton (D:4)
  A worm (D:3)
  5 dart slugs
  19 orcs
  10 ball pythons
  11 endoplasms
  8 giant cockroaches
  11 goblins
  10 hobgoblins
  13 jackals
  4 quokkas
  5 bats
  4 frilled lizards
  21 kobolds
  24 rats
210 creatures vanquished.

Vanquished Creatures (others)
  2 withered plants (D:6)
2 creatures vanquished.

Grand Total: 212 creatures vanquished

Notes
Turn   | Place    | Note
-------+----------+-------------------------------------------
     0 | D:1      | walnutcon the Merfolk Transmuter began the quest for the
                  | Orb.
     0 | D:1      | Reached XP level 1. HP: 15/15 MP: 3/3
     1 | D:1      | Found a runed translucent door.
    36 | D:1      | Reached XP level 2. HP: 12/21 MP: 5/5
   622 | D:1      | Reached XP level 3. HP: 24/26 MP: 4/6
   926 | D:1      | Learned a level 2 spell: Wereblood
   930 | D:1      | Learned a level 3 spell: Spider Form
  1199 | D:1      | Found Ice Odyut's General Store.
  1206 | D:1      | Found a faded altar of an unknown god.
  1875 | D:2      | Reached XP level 4. HP: 31/32 MP: 5/7
  2308 | D:2      | Found Biacos's Antique Weapon Boutique.
  2832 | D:3      | Reached skill level 5 in Transmutations
  3052 | D:3      | Reached XP level 5. HP: 37/37 MP: 4/8
  3565 | D:4      | Reached XP level 6. HP: 5/43 MP: 7/9
  3958 | D:4      | Found a glowing drain.
  3980 | Sewer    | Entered a sewer
  4071 | Sewer    | Reached skill level 4 in Unarmed Combat
  4631 | Sewer    | HP: 2/43 [poisoned by an adder]
  5017 | Sewer    | Reached skill level 5 in Unarmed Combat
  5017 | Sewer    | Reached XP level 7. HP: 48/48 MP: 4/10
  5595 | D:4      | Reached skill level 6 in Unarmed Combat
  5609 | D:4      | Reached skill level 7 in Unarmed Combat
  5629 | D:4      | Reached XP level 8. HP: 45/54 MP: 6/11
  5641 | D:4      | Reached skill level 8 in Unarmed Combat
  6000 | D:4      | Found a broken altar of Ashenzari.
  6046 | D:4      | Found Xedyife's Jewellery Shop.
  6172 | D:4      | Found a hazy altar of Hepliaklqana.
  6508 | D:5      | Entered Level 5 of the Dungeon
  6538 | D:5      | Noticed a troll
  6712 | D:5      | Found a shadowy altar of Dithmenos.
  6723 | D:5      | Became a worshipper of Dithmenos the Shadowed
  6777 | D:5      | Learned a level 4 spell: Ice Form
  6894 | D:5      | Found a snail-covered altar of Cheibriados.
  6957 | D:5      | Noticed Edmund
  6967 | D:5      | Killed Edmund
  6968 | D:5      | Reached skill level 9 in Unarmed Combat
  7425 | D:6      | Found a staircase to the Ecumenical Temple.
  7581 | D:6      | Found a runed translucent door.
  7581 | D:6      | Noticed Violens's ghost (novice MiFi)
  7611 | D:6      | Reached skill level 10 in Unarmed Combat
  7618 | D:6      | Reached * piety under Dithmenos
  7976 | D:6      | Noticed Grinder
  7986 | D:6      | Paralysed by Grinder for 7 turns
  7992 | D:6      | Killed Grinder
  7993 | D:6      | Reached XP level 9. HP: 8/59 MP: 12/12
  8621 | D:6      | Reached skill level 11 in Unarmed Combat
  9880 | D:7      | Reached skill level 12 in Unarmed Combat
 10249 | D:8      | Found a sacrificial altar of Ru.
 10273 | D:8      | Noticed Joseph
 10288 | D:8      | Shot with a sling bullet by Joseph

Illustrated notes

Levels and vault maps discovered:
D:1:      dpeg_arrival_caged_fury, layout_loops_ring, serial_shops, shop,
          hellmonk_ecumenical_altar_leap_of_faith
D:2:      layout_loops_ring, serial_shops, nicolae_lakefront_shop
D:3:      layout_rooms
D:4:      layout_loops_ring, nicolae_overflow_crystal_walls,
          kennysheep_mini_moat, cheibrodos_sewer_entry_drain, serial_shops,
          nicolae_shop_behind_doors, minmay_manual_mess
D:5:      layout_basic, kennysheep_slug_shrine,
          grunt_dithmenos_smoke_and_mirrors, due_unseen_surprise, uniq_edmund
D:6:      layout_loops_cross, temple_doors_e, gammafunk_ghost_grave,
          uniq_grinder
D:7:      layout_layer_cave, corexii_leaking_fountain
D:8:      cheibrodos_statue_roulette, layout_loops_cross, lemuel_tele_altar,
          nemelex_spade_bored_becter, mainiacjoe_overflow_alcove_2,
          mainiacjoe_overflow_large_starburst, dk_vineyard_1, uniq_joseph,
          uniq_pikel

Skill      XL: |  1  2  3  4  5  6  7  8  9 |
---------------+----------------------------+-----
Transmutations | 3 4 5 7 8 |  8.2
Dodging        | 3 |  3.0
Unarmed Combat | 5 7 10 12 | 12.1
Fighting       | |  1.1
Spellcasting   | |  2.2

Action                   |  1- 3 |  4- 6 |  7- 9 || total
-------------------------+-------+-------+-------++-------
Melee: Unarmed           |   126 |   221 |   229 ||   576
       Headbutt          |    18 |    18 |     1 ||    37
       Punch             |     4 |     5 |     4 ||    13
       Tailslap          |       |     2 |       ||     2
 Cast: Beastly Appendage |    29 |    25 |     7 ||    61
       Spider Form       |       |    11 |    28 ||    39
       Wereblood         |       |     6 |     5 ||    11
       Ice Form          |       |       |     2 ||     2
Evoke: Wand              |       |       |     1 ||     1
  Use: Scroll            |       |     2 |     7 ||     9
 Stab: Sleeping          |     2 |     3 |     2 ||     7
Armor: Robe              |    17 |    13 |     6 ||    36
       Skin              |       |     7 |    10 ||    17
Dodge: Dodged            |    91 |   152 |   210 ||   453
